 Dungeon Crawl Stone Soup version 0.19.0-2-gae57169 (webtiles) character file.

800 equalderp2856 the Gouger (level 7, -8/31 HPs)
             Began as a Felid Fighter on Nov 6, 2016.
             Shot with an arrow by a centaur (12 damage)
             ... on level 6 of the Dungeon.
             The game lasted 00:38:09 (7834 turns).

equalderp2856 the Gouger (Felid Fighter)            Turns: 7834, Time: 00:38:11

Health: -8/31      AC:  2    Str: 14    XL:     7   Next: 59%
Magic:  8/8        EV: 23    Int: 10    God:
Gold:   190        SH:  0    Dex: 18    Spells: 0 memorised, 6 levels left
                                        Lives:  0   Deaths: 2

rFire  . . .     SeeInvis +       - Unarmed
rCold  . . .     Gourm    .     (armour unavailable)
rNeg   . . .     Faith    .     (shield unavailable)
rPois  .         Spirit   .     (helmet unavailable)
rElec  .         Reflect  .     (cloak unavailable)
rCorr  .         Harm     .     (gloves unavailable)
MR     +....                    (boots unavailable)
Stlth  +++.......               (no amulet)
                                u - +3 ring of dexterity
                                (no ring)

@: quick
A: no armour, no weapons or thrown items, stealth, claws 1, fangs 3, see
invisible, carnivore 3, speed 1, shaggy fur 2, slow metabolism 1, sharp paws
a: no special abilities


You were on level 6 of the Dungeon.
You were not hungry.

You visited 1 branch of the dungeon, and saw 6 of its levels.

You collected 250 gold pieces.
You spent 60 gold pieces at shops.

Inventory:

Hand Weapons
 c - a +1 dagger of venom
 n - a +1 dagger of distortion
 r - a +0 hunting sling
 v - a +0 rapier
 w - a +3 shortbow
Missiles
 g - 41 poisoned needles
 m - 11 bolts
 p - 243 stones
 z - 61 arrows
Armour
 k - a +0 cloak
 l - a +0 pair of gloves
Jewellery
 d - an uncursed ring of loudness
 u - a +3 ring of dexterity (right paw)
 x - an uncursed ring of flight
 B - an uncursed ring of ice
Wands
 D - a wand of teleportation (0/9)
 H - a wand of lightning (8/15)
Scrolls
 e - 3 scrolls of remove curse
 f - 5 scrolls of identify
 q - 2 scrolls of random uselessness {unknown}
 s - 4 scrolls of enchant armour {unknown}
 t - 2 scrolls of recharging {unknown}
 y - a scroll of blinking {unknown}
 A - 2 scrolls of enchant weapon {unknown}
 E - a scroll of magic mapping {unknown}
Potions
 a - 2 potions of might
 i - a potion of brilliance {unknown}
 j - 2 potions of curing {unknown}
 o - 2 potions of haste {unknown}
 C - a potion of cancellation {unknown}
Comestibles
 b - 2 meat rations
 h - 6 bread rations
 F - a beef jerky


   Skills:
 + Level 3.6 Fighting
 + Level 6.9 Dodging
 + Level 4.8 Stealth
 + Level 9.0 Unarmed Combat


You had 6 spell levels left.
You didn't know any spells.

Dungeon Overview and Level Annotations

Branches:
Dungeon (6/15)
 Temple: D:4-7

Altars:
Cheibriados
Fedhas
Kikubaaqudgha
Ru
Trog

Shops:
D:4 !?*


Innate Abilities, Weirdness & Mutations

You cannot wear armour.
You are incapable of wielding weapons or throwing items.
Your paws allow you to move quietly. (Stealth)
You have sharp claws.
You have razor-sharp teeth.
You have supernaturally acute eyesight. (SInv)
You are carnivorous and can eat meat at any time.
You cover ground quickly.
You are covered in thick fur. (AC +2)
You have a slow metabolism.
Your sharp claws are effective at attacking unaware monsters.


Message History

The centaur shoots an arrow.
The arrow hits you!
* * * LOW HITPOINT WARNING * * *
x2 You see here an arrow.
The orc wizard gestures wildly while chanting.
The orc wizard blinks!
The orc wizard mumbles some strange words.
The orc wizard blinks!
The orc wizard closely misses you.
You closely miss the orc wizard. Your claw misses the orc wizard.
The orc wizard casts a spell.
The orc wizard seems to speed up.
You closely miss the orc wizard. The orc wizard closely misses you.
You completely miss the orc wizard. The orc wizard completely misses you.
You claw the orc wizard!
The orc wizard is almost dead.
The orc wizard completely misses you.
You scratch the orc wizard.
You kill the orc wizard!
The centaur shoots an arrow.
The arrow hits you!
You die...

.####..# #.#... .......##
.####..#######.#.######c#.#......
<..................c(o).........#
...............#.#ยง####.#.###.#.#
###.#####..##.##.#.# #.....#.# #
#.# #..##.##.#.# ## #o<( # #.
....##....#.# #..# #
.##........#c####.. #..# . #
#..####)@......... #.... ##
#..##............. .....#
######..###...###.#.# #..# ..
#.#.# #..# ..... #... ...## ..#


You could see a centaur.

Vanquished Creatures
  Sigmund (D:6)
  An ice beast (D:5)
  2 sky beasts
  A centaur (D:5)
  A scorpion (D:5)
  A howler monkey (D:5)
  A crimson imp (D:5)
  A centaur zombie (D:5)
  2 orc priests (D:3)
  6 orc wizards
  A worker ant (D:5)
  Natasha (thrice) (D:3)
  A hound skeleton (D:5)
  6 gnolls (D:5)
  7 adders
  A white imp (D:5)
  An ooze (D:4)
  4 worms
  5 leopard geckos
  17 orcs
  A ball python (D:3)
  7 bats
  5 giant cockroaches
  12 goblins
  6 hobgoblins
  13 jackals
  4 kobolds
  2 quokkas
  6 frilled lizards
  A leopard gecko skeleton (D:4)
  A quokka skeleton (D:5)
  7 rats
128 creatures vanquished.

Vanquished Creatures (others)
  A gnoll (D:5)
1 creature vanquished.

Grand Total: 129 creatures vanquished

Notes
Turn   | Place    | Note
-------+----------+-------------------------------------------
     0 | D:1      | equalderp2856 the Felid Fighter began the quest for the Orb.
     0 | D:1      | Reached XP level 1. HP: 10/10 MP: 2/2
   250 | D:1      | Reached XP level 2. HP: 8/14 MP: 3/3
  1104 | D:2      | Reached XP level 3. HP: 17/17 MP: 4/4
  1320 | D:2      | Reached skill level 5 in Unarmed Combat
  1686 | D:2      | Found an ancient bone altar of Kikubaaqudgha.
  1796 | D:2      | Reached XP level 4. HP: 21/21 MP: 5/5
  1941 | D:3      | Noticed Natasha
  1958 | D:3      | Killed Natasha
  2109 | D:3      | Noticed Natasha
  2430 | D:3      | Killed Natasha
  2430 | D:3      | Reached skill level 1 in Stealth
  2430 | D:3      | Reached XP level 5. HP: 17/24 MP: 6/6
  2441 | D:3      | Noticed Natasha
  2461 | D:4      | Found Cothruk's General Store.
  2721 | D:4      | Found a bloodstained altar of Trog.
  2775 | D:4      | Found Wysif Qixeym's Distillery.
  2974 | D:4      | Reached skill level 6 in Unarmed Combat
  3291 | D:4      | Reached skill level 5 in Dodging
  3428 | D:4      | Found Xeken's Magic Scroll Emporium.
  3438 | D:4      | Bought a scroll of remove curse for 36 gold pieces
  3438 | D:4      | Bought a scroll of identify for 24 gold pieces
  3951 | D:3      | Killed Natasha
  4189 | D:3      | Killed from afar by an orc priest
  4190 | D:3      | Reached XP level 4. HP: -4/21 MP: 5/5
  4205 | D:3      | Reached XP level 5. HP: 4/24 MP: 6/6
  4682 | D:3      | Found a blossoming altar of Fedhas.
  5162 | D:5      | Entered Level 5 of the Dungeon
  5162 | D:5      | Noticed an ice beast
  5397 | D:5      | Gained mutation: You are covered in thick fur. (AC +2) [Felid growth]
  5397 | D:5      | Reached XP level 6. HP: 28/28 MP: 7/7
  5429 | D:5      | Reached skill level 7 in Unarmed Combat
  5452 | D:5      | Noticed a sky beast
  5489 | D:5      | Found a sacrificial altar of Ru.
  6045 | D:5      | Killed a sky beast
  6296 | D:5      | Noticed a sky beast
  6352 | D:6      | Killed a sky beast
  6352 | D:6      | Reached XP level 7. HP: 28/31 MP: 8/8
  7126 | D:5      | Reached skill level 8 in Unarmed Combat
  7137 | D:5      | Slain by an ice beast
  7138 | D:5      | Reached XP level 6. HP: -5/28 MP: 7/7
  7169 | D:5      | Reached XP level 7. HP: 16/31 MP: 8/8
  7661 | D:5      | Found a snail-covered altar of Cheibriados.
  7761 | D:6      | Noticed Sigmund
  7788 | D:6      | Killed Sigmund
  7788 | D:6      | Reached skill level 9 in Unarmed Combat
  7834 | D:6      | Shot with an arrow by a centaur

Skill      XL: |  1  2  3  4  5  6  7 |
---------------+----------------------+-----
Unarmed Combat | 5 6 7 9 |  9.0
Stealth        | 1 2 3 4 |  4.8
Dodging        | 5 6 |  6.9
Fighting       | |  3.6

Action                   |  1- 3 |  4- 6 |  7- 9 || total
-------------------------+-------+-------+-------++-------
Melee: Unarmed           |    94 |   240 |    56 ||   390
       Punch             |     1 |    11 |     2 ||    14
       Bite              |     7 |    22 |     8 ||    37
  Use: Potion            |     1 |     1 |       ||     2
       Scroll            |       |     1 |       ||     1
 Stab: Sleeping          |       |     2 |       ||     2
       Distracted        |       |       |     2 ||     2
  Eat: Chunk             |     7 |     7 |     1 ||    15
Armor: Skin              |     3 |    14 |     1 ||    18
Dodge: Dodged            |    63 |   168 |    42 ||   273
